Carnivores vs Punishers
Created - 2 mars 2013 at 23:22
Goals
|
| Carnivores |
1 |
1 |
2 |
4 |
| Punishers |
1 |
0 |
4 |
5 |
|
Shots
|
| Carnivores |
10 |
4 |
12 |
26 |
| Punishers |
13 |
12 |
13 |
38 |
|
1st period
1. Carnivores , Matt Cullen 29 (Andy Miele, Brandon Yip) at 11:15
2. Punishers , Chris Conner 16 (Alyn McCauley, Marc-André Bergeron) at 14:04
Penalties :
Keith Aulie (Bre) for Roughing (Minor) at 0:56, Ryan White (Pro) for Tripping (Minor) at 7:27, Bobby Sanguinetti (Bre) for Hooking (Minor) at 16:59
2nd period
3. Carnivores , Josef Melichar 1 (Evgeny Dadonov, Andy Miele) at 2:34
Penalties :
Evgeny Dadonov (Bre) for Tripping (Minor) at 0:13, Alyn McCauley (Pro) for Hooking (Minor) at 5:18, Alyn McCauley (Pro) for Roughing (Minor) at 10:39, Viktor Stalberg (Pro) for Holding (Minor) at 14:33, Jeff Friesen (Bre) for Hooking (Minor) at 16:41
3rd period
4. Punishers , Viktor Stalberg 11 (Dave Bolland, Mike Grier) at 0:48
5. Punishers , Dave Bolland 21 (Kirk Maltby, Marc-André Bergeron) at 2:37 (PP)
6. Carnivores , Evgeny Dadonov 7 (Mikael Backlund) at 3:02
7. Punishers , Kirk Maltby 15 (Mike Grier, Dave Bolland) at 12:12 (PP)
8. Punishers , Jimmie Olvestad 23 (Jassen Cullimore) at 12:44
9. Carnivores , Mikael Backlund 6 (Andrew Ference, Jeff Tambellini) at 18:17
Penalties :
Blake Geoffrion (Bre) for Roughing (Minor) at 2:22, Jeff Tambellini (Bre) for Hooking (Minor) at 11:25, Keith Aulie (Bre) for Roughing (Minor) at 13:01, Jeff Tambellini (Bre) for Holding (Minor) at 19:26
Goalie Stats
Josh Tordjman (Bre), 33 saves from 38 shots - (0,868), L, 18-12-4, 60:00 minutes
Curtis McElhinney (Pro), 22 saves from 26 shots - (0,846), W, 3-8-0, 60:00 minutes
Players Stats for Carnivores
Player Name G A P +/- PIM S H SB GA TA FO MP PP MP PK MP
------------------------------------------------------------------------------------
Alexei Zhitnik 0 0 0 2 0 2 1 0 0 0 0/0 23:03 3:29 5:58
Andrew Ference 0 1 1 0 0 1 0 0 1 1 0/0 14:33 0:00 5:32
Andy Miele 0 2 2 1 0 3 2 0 1 1 0/2 20:33 4:01 1:33
Blake Geoffrion 0 0 0 0 2 0 0 0 0 0 0/3 17:03 4:01 0:00
Bobby Sanguinetti 0 0 0 1 2 0 3 1 0 0 0/0 15:50 3:29 0:00
Brandon Yip 0 1 1 -1 0 3 3 0 1 0 1/1 15:23 0:30 5:30
Cal O'Reilly 0 0 0 0 0 0 0 0 0 0 3/4 6:04 0:00 0:00
David Van Der Gulik 0 0 0 0 0 1 2 0 0 0 0/0 7:49 0:27 0:00
Evgeny Dadonov 1 1 2 2 2 1 0 0 0 0 0/0 13:56 3:28 0:00
Janne Niinimaa 0 0 0 -1 0 2 3 0 0 1 0/0 27:17 4:27 5:32
Jeff Friesen 0 0 0 0 2 2 1 0 1 0 1/2 12:15 0:27 0:40
Jeff Tambellini 0 1 1 1 4 3 3 1 1 0 1/1 18:17 3:28 4:27
Jeremy Welsh 0 0 0 0 0 0 1 0 0 0 0/0 6:04 0:00 0:00
Josef Melichar 1 0 1 1 0 2 0 3 1 1 0/0 15:40 0:00 5:58
Keith Aulie 0 0 0 -1 4 0 2 1 1 2 0/0 23:44 4:27 0:00
Manny Malhotra 0 0 0 -1 0 1 2 0 0 1 3/8 14:27 0:00 5:30
Matt Cullen 1 0 1 0 0 4 2 0 0 0 11/30 22:52 4:01 5:20
Mikael Backlund 1 1 2 1 0 1 2 1 0 0 3/14 13:32 3:25 0:00
Players Stats for Punishers
Player Name G A P +/- PIM S H SB GA TA FO MP PP MP PK MP
------------------------------------------------------------------------------------
Adam McQuaid 0 0 0 -2 0 0 1 0 0 0 0/0 7:59 0:00 0:00
Adam Pineault 0 0 0 0 0 0 0 0 1 0 1/1 8:55 0:14 0:00
Alyn McCauley 0 1 1 0 4 3 2 0 1 0 12/19 17:38 4:58 1:13
Chris Conner 1 0 1 0 0 6 1 1 2 0 1/1 15:58 4:58 0:00
Dave Bolland 1 2 3 1 0 3 2 2 1 0 18/26 23:06 6:28 2:55
Jassen Cullimore 0 1 1 2 0 0 3 0 0 1 0/0 15:13 0:00 0:00
Jimmie Olvestad 1 0 1 0 0 4 1 1 0 0 0/0 14:49 0:04 1:21
Justin Falk 0 0 0 -2 0 0 0 1 0 0 0/0 8:44 0:00 0:17
Kirk Maltby 1 1 2 0 0 5 0 1 0 0 2/2 13:55 6:28 0:00
Kris Chucko 0 0 0 -2 0 1 0 1 0 0 2/2 8:54 0:00 1:44
Marc-André Bergeron 0 2 2 2 0 7 1 2 0 1 0/0 28:35 6:21 4:23
Mark Fraser 0 0 0 0 0 1 2 0 0 1 0/0 20:48 5:09 3:33
Mike Blunden 0 0 0 -2 0 0 2 0 0 1 0/0 7:56 0:01 0:00
Mike Grier 0 2 2 1 0 3 1 1 2 0 0/1 24:12 6:21 4:14
Mike Weber 0 0 0 0 0 0 0 1 0 0 0/0 20:35 5:09 3:33
Pavel Valentenko 0 0 0 -1 0 0 0 0 0 0 0/0 2:38 0:00 0:00
Petteri Nokelainen 0 0 0 0 0 1 0 0 0 1 5/10 11:23 0:00 4:14
Ryan White 0 0 0 -2 2 0 0 0 0 0 1/2 6:43 0:00 0:11
Stu Bickel 0 0 0 -1 0 0 2 0 0 0 0/0 15:28 6:21 4:06
Viktor Stalberg 1 0 1 1 2 4 1 0 0 2 0/1 18:31 4:58 0:00
3 Stars
1 - Dave Bolland (Pro)
2 - Mikael Backlund (Bre)
3 - Marc-André Bergeron (Pro)
Power Play
Carnivores - 0 on 4 Attempt(s) - 0,00%
Punishers - 2 on 8 Attempt(s) - 25,00%
Penalty Kill
Carnivores - 6 on 8 Attempt(s) - 75,00%
- Score 0 goal in Penalty Kill
Punishers - 4 on 4 Attempt(s) - 100,00%
- Score 0 goal in Penalty Kill
Official
Referees : Hebert Ghislain and Sutherland Kelly
Linesman : Brad Lazarowich and Mark Pare
Game Notes
No Game Note
Carnivores
5 vs 5 Forward
Center Left Wing Right Wing Time % Phy DF OF
1 Matt Cullen Blake Geoffrion Andy Miele 40 1 1 3
2 Mikael Backlund Jeff Tambellini Evgeny Dadonov 30 1 1 3
3 Manny Malhotra Jeff Friesen Brandon Yip 20 1 2 2
4 Cal O'Reilly Jeremy Welsh David Van Der Gulik 10 1 2 2
5 vs 5 Defense
Defense Defense Time % Phy DF OF
1 Janne Niinimaa Keith Aulie 40 1 2 2
2 Alexei Zhitnik Bobby Sanguinetti 30 1 2 2
3 Josef Melichar Andrew Ference 20 1 2 2
4 Alexei Zhitnik Keith Aulie 10 1 2 2
PowerPlay Forward
Center Left Wing Right Wing Time % Phy DF OF
1 Matt Cullen Blake Geoffrion Andy Miele 60 0 1 4
2 Mikael Backlund Jeff Tambellini Evgeny Dadonov 40 0 1 4
PowerPlay Defense
Defense Defense Time % Phy DF OF
1 Janne Niinimaa Keith Aulie 60 0 2 3
2 Bobby Sanguinetti Alexei Zhitnik 40 0 2 3
Penalty Kill 4 Players Forward
Center Wing Time % Phy DF OF
1 Matt Cullen Jeff Tambellini 50 1 3 1
2 Manny Malhotra Brandon Yip 50 1 3 1
Penalty Kill 4 Players Defense
Defense Defense Time % Phy DF OF
1 Janne Niinimaa Andrew Ference 50 1 3 1
2 Alexei Zhitnik Josef Melichar 50 1 3 1
Penalty Kill - 3 Players Forward
Forward Time % Phy DF OF
1 Matt Cullen 50 1 3 1
2 Jeff Tambellini 50 1 3 1
Penalty Kill - 3 Players Defense
Defense Defense Time % Phy DF OF
1 Alexei Zhitnik Andrew Ference 50 1 3 1
2 Janne Niinimaa Josef Melichar 50 1 3 1
4 vs 4 Forward
Center Wing Time % Phy DF OF
1 Matt Cullen Evgeny Dadonov 50 1 1 3
2 Mikael Backlund Andy Miele 50 1 1 3
4 vs 4 Defense
Defense Defense Time % Phy DF OF
1 Janne Niinimaa Keith Aulie 50 1 2 2
2 Alexei Zhitnik Bobby Sanguinetti 50 1 2 2
Last Minutes Offensive
Center Left Wing Right Wing Defense Defense
Matt Cullen Jeff Tambellini Andy Miele Janne Niinimaa Keith Aulie
Last Minutes Defensive
Center Left Wing Right Wing Defense Defense
Matt Cullen Jeff Tambellini Andy Miele Janne Niinimaa Keith Aulie
Goaltenders
Starting : Josh Tordjman
Backup : Steve Mason
Extra Forwards
Normal : Jeff Friesen, Brandon Yip, Matt Cullen - PP : Brandon Yip, Jeff Friesen - PK : Andy Miele
Extra Defensemen
Normal : Josef Melichar, Janne Niinimaa, Andrew Ference - PP : Josef Melichar - PK : Keith Aulie, Bobby Sanguinetti
Penalty Shots
Matt Cullen, Jeff Tambellini, Andy Miele, Jeff Friesen, Evgeny Dadonov
Punishers
5 vs 5 Forward
Center Left Wing Right Wing Time % Phy DF OF
1 Dave Bolland Viktor Stalberg Mike Grier 40 0 2 3
2 Alyn McCauley Jimmie Olvestad Chris Conner 30 1 2 2
3 Petteri Nokelainen Kirk Maltby Adam Pineault 20 1 2 2
4 Ryan White Kris Chucko Mike Blunden 10 1 2 2
5 vs 5 Defense
Defense Defense Time % Phy DF OF
1 Marc-André Bergeron Jassen Cullimore 40 1 2 2
2 Mark Fraser Mike Weber 30 1 2 2
3 Adam McQuaid Justin Falk 20 1 2 2
4 Pavel Valentenko Stu Bickel 10 1 2 2
PowerPlay Forward
Center Left Wing Right Wing Time % Phy DF OF
1 Dave Bolland Kirk Maltby Mike Grier 60 1 2 2
2 Alyn McCauley Viktor Stalberg Chris Conner 40 1 2 2
PowerPlay Defense
Defense Defense Time % Phy DF OF
1 Marc-André Bergeron Stu Bickel 60 1 2 2
2 Mark Fraser Mike Weber 40 1 2 2
Penalty Kill 4 Players Forward
Center Wing Time % Phy DF OF
1 Petteri Nokelainen Mike Grier 60 1 2 2
2 Dave Bolland Alyn McCauley 40 1 2 2
Penalty Kill 4 Players Defense
Defense Defense Time % Phy DF OF
1 Marc-André Bergeron Stu Bickel 60 1 2 2
2 Mark Fraser Mike Weber 40 1 2 2
Penalty Kill - 3 Players Forward
Forward Time % Phy DF OF
1 Kirk Maltby 60 1 2 2
2 Mike Grier 40 1 2 2
Penalty Kill - 3 Players Defense
Defense Defense Time % Phy DF OF
1 Marc-André Bergeron Stu Bickel 60 1 2 2
2 Mark Fraser Mike Weber 40 1 2 2
4 vs 4 Forward
Center Wing Time % Phy DF OF
1 Kirk Maltby Viktor Stalberg 60 1 2 2
2 Dave Bolland Mike Grier 40 1 2 2
4 vs 4 Defense
Defense Defense Time % Phy DF OF
1 Marc-André Bergeron Stu Bickel 60 1 2 2
2 Mark Fraser Mike Weber 40 1 2 2
Last Minutes Offensive
Center Left Wing Right Wing Defense Defense
Dave Bolland Viktor Stalberg Mike Grier Marc-André Bergeron Jassen Cullimore
Last Minutes Defensive
Center Left Wing Right Wing Defense Defense
Petteri Nokelainen Kirk Maltby Mike Grier Mark Fraser Jassen Cullimore
Goaltenders
Starting : Curtis McElhinney
Backup : Karri Ramo
Extra Forwards
Normal : Viktor Stalberg, Adam Pineault, Kris Chucko - PP : Viktor Stalberg, Adam Pineault - PK : Kris Chucko
Extra Defensemen
Normal : Adam McQuaid, Justin Falk, Pavel Valentenko - PP : Adam McQuaid - PK : Justin Falk, Pavel Valentenko
Penalty Shots
Viktor Stalberg, Jimmie Olvestad, Chris Conner, Mike Grier, Dave Bolland
% Time on Ice - Carnivores
Lines # - Real PCT - Wanted PCT - Time Play
Normal Forward
1 - 37% - 40% - 14:56
2 - 25% - 30% - 10:07
3 - 22% - 20% - 8:57
4 - 15% - 10% - 6:04
Normal Defense
1 - 41% - 40% - 16:25
2 - 31% - 30% - 12:30
3 - 21% - 20% - 8:26
4 - 7% - 10% - 2:43
PP Forward
1 - 56% - 60% - 4:28
2 - 44% - 40% - 3:28
PP Defense
1 - 56% - 60% - 4:27
2 - 44% - 40% - 3:29
PK Forward
1 - 50% - 50% - 5:47
2 - 50% - 50% - 5:43
PK Defense
1 - 48% - 50% - 5:32
2 - 52% - 50% - 5:58
PK3 Forward
1 - 0% - 50%
2 - 0% - 50%
PK3 Defense
1 - 0% - 50%
2 - 0% - 50%
44 Forward
1 - 0% - 50%
2 - 0% - 50%
44 Defense
1 - 0% - 50%
2 - 0% - 50%
Last Minute Offensive - 0:30
Last Minute Defensive - 0:00
Total
Forward - 60:00
Defense - 60:00
|
% Time on Ice - Punishers
Lines # - Real PCT - Wanted PCT - Time Play
Normal Forward
1 - 36% - 40% - 14:28
2 - 31% - 30% - 12:35
3 - 17% - 20% - 6:49
4 - 16% - 10% - 6:13
Normal Defense
1 - 44% - 40% - 17:35
2 - 30% - 30% - 11:53
3 - 20% - 20% - 7:59
4 - 7% - 10% - 2:38
PP Forward
1 - 57% - 60% - 6:32
2 - 43% - 40% - 4:58
PP Defense
1 - 55% - 60% - 6:21
2 - 45% - 40% - 5:09
PK Forward
1 - 70% - 60% - 5:32
2 - 30% - 40% - 2:24
PK Defense
1 - 55% - 60% - 4:23
2 - 45% - 40% - 3:33
PK3 Forward
1 - 0% - 60%
2 - 0% - 40%
PK3 Defense
1 - 0% - 60%
2 - 0% - 40%
44 Forward
1 - 0% - 60%
2 - 0% - 40%
44 Defense
1 - 0% - 60%
2 - 0% - 40%
Last Minute Offensive - 0:00
Last Minute Defensive - 0:29
Total
Forward - 60:00
Defense - 60:00
|
Play by Play
1st period
0:01 of 1st period - Matt Cullen wins face-off versus Dave Bolland in neutral zone.
0:04 of 1st period - Slapshot by Janne Niinimaa.
0:04 of 1st period - Shot Misses the Net.
0:16 of 1st period - Janne Niinimaa is hit by Dave Bolland and loses puck.
0:31 of 1st period - Snap shot by Jimmie Olvestad.
0:31 of 1st period - Stopped by Josh Tordjman with a rebound.
0:33 of 1st period - Wrist shot by Jassen Cullimore.
0:33 of 1st period - Shot Misses the Net.
0:35 of 1st period - Slapshot by Marc-André Bergeron.
0:35 of 1st period - Shot Blocked by Jeff Tambellini.
0:37 of 1st period - Backhand shot by Alyn McCauley.
0:37 of 1st period - Shot Misses the Net.
0:47 of 1st period - Slapshot by Janne Niinimaa.
0:47 of 1st period - Stopped by Curtis McElhinney with a rebound.
0:56 of 1st period - Minor Penalty to Keith Aulie for Roughing.
0:57 of 1st period - Dave Bolland wins face-off versus Matt Cullen in Carnivores zone.
2:56 of 1st period - Penalty to Keith Aulie is over, Keith Aulie is back on ice.
3:36 of 1st period - Adam Pineault is hit by David Van Der Gulik and loses puck.
4:03 of 1st period - Off-side.
4:04 of 1st period - Alyn McCauley wins face-off versus Mikael Backlund in neutral zone.
4:07 of 1st period - Alexei Zhitnik is hit by Alyn McCauley and loses puck.
4:29 of 1st period - Alexei Zhitnik is hit by Adam McQuaid and loses puck.
5:00 of 1st period - Mike Grier is hit by Jeff Friesen and loses puck.
5:09 of 1st period - Snap shot by Brandon Yip.
5:09 of 1st period - Stopped by Curtis McElhinney with a rebound.
5:32 of 1st period - Slapshot by Alexei Zhitnik.
5:32 of 1st period - Shot Blocked by Dave Bolland.
5:34 of 1st period - Snap shot by Jeff Friesen.
5:34 of 1st period - Shot Misses the Net.
5:36 of 1st period - Wrist shot by Alexei Zhitnik.
5:36 of 1st period - Shot Blocked by Dave Bolland.
5:38 of 1st period - Snap shot by Brandon Yip.
5:38 of 1st period - Stopped by Curtis McElhinney without a rebound.
5:39 of 1st period - Chris Conner wins face-off versus Matt Cullen in Punishers zone.
5:43 of 1st period - Off-side.
5:44 of 1st period - Matt Cullen wins face-off versus Alyn McCauley in neutral zone.
5:46 of 1st period - Off-side.
5:47 of 1st period - Matt Cullen wins face-off versus Alyn McCauley in neutral zone.
6:43 of 1st period - Wrist shot by Chris Conner.
6:43 of 1st period - Stopped by Josh Tordjman without a rebound.
6:44 of 1st period - Jeff Tambellini wins face-off versus Dave Bolland in Carnivores zone.
7:18 of 1st period - Wrist shot by Kirk Maltby.
7:18 of 1st period - Shot Misses the Net.
7:20 of 1st period - Slapshot by Adam McQuaid.
7:20 of 1st period - Shot Blocked by Bobby Sanguinetti.
7:27 of 1st period - Minor Penalty to Ryan White for Tripping.
7:28 of 1st period - Petteri Nokelainen wins face-off versus Matt Cullen in Punishers zone.
7:28 of 1st period - Petteri Nokelainen is hit by Matt Cullen.
8:37 of 1st period - Icing by Matt Cullen.
8:38 of 1st period - Kris Chucko wins face-off versus Blake Geoffrion in Carnivores zone.
8:49 of 1st period - Mike Grier is hit by Mikael Backlund.
8:53 of 1st period - Marc-André Bergeron is hit by Jeff Tambellini.
9:27 of 1st period - Penalty to Ryan White is over, Ryan White is back on ice.
9:42 of 1st period - Snap shot by Kris Chucko.
9:42 of 1st period - Shot Blocked by Josef Melichar.
9:44 of 1st period - Slapshot by Mark Fraser.
9:44 of 1st period - Deflect By Kris Chucko.
9:44 of 1st period - Shot Blocked by Josef Melichar.
9:44 of 1st period - Puck is out of play.
9:45 of 1st period - Ryan White wins face-off versus Mikael Backlund in Carnivores zone.
9:46 of 1st period - Slapshot by Marc-André Bergeron.
9:46 of 1st period - Stopped by Josh Tordjman with a rebound.
9:48 of 1st period - Slapshot by Marc-André Bergeron.
9:48 of 1st period - Stopped by Josh Tordjman without a rebound.
9:49 of 1st period - Alyn McCauley wins face-off versus Mikael Backlund in Carnivores zone.
9:54 of 1st period - Snap shot by Alyn McCauley.
9:54 of 1st period - Stopped by Josh Tordjman without a rebound.
9:55 of 1st period - Alyn McCauley wins face-off versus Mikael Backlund in Carnivores zone.
10:02 of 1st period - Snap shot by Chris Conner.
10:02 of 1st period - Stopped by Josh Tordjman without a rebound.
10:03 of 1st period - Dave Bolland wins face-off versus Matt Cullen in Carnivores zone.
10:10 of 1st period - Snap shot by Matt Cullen.
10:10 of 1st period - Shot Blocked by Mike Grier.
10:12 of 1st period - Slapshot by Janne Niinimaa.
10:12 of 1st period - Shot Misses the Net.
10:28 of 1st period - Janne Niinimaa is hit by Alyn McCauley and loses puck.
10:35 of 1st period - Wrist shot by Keith Aulie.
10:35 of 1st period - Shot Misses the Net.
11:15 of 1st period - Snap shot by Matt Cullen.
11:15 of 1st period - Goal by Matt Cullen - Carnivores : 1 - Punishers : 0.
11:16 of 1st period - Matt Cullen wins face-off versus Dave Bolland in neutral zone.
11:25 of 1st period - Snap shot by Andy Miele.
11:25 of 1st period - Stopped by Curtis McElhinney without a rebound.
11:26 of 1st period - Dave Bolland wins face-off versus Matt Cullen in Punishers zone.
11:35 of 1st period - Wrist shot by Dave Bolland.
11:35 of 1st period - Deflect By Matt Cullen.
11:35 of 1st period - Stopped by Josh Tordjman with a rebound.
11:51 of 1st period - Wrist shot by Mike Grier.
11:51 of 1st period - Stopped by Josh Tordjman with a rebound.
11:59 of 1st period - Viktor Stalberg is hit by Janne Niinimaa and loses puck.
12:34 of 1st period - Snap shot by Mike Grier.
12:34 of 1st period - Shot Misses the Net.
13:13 of 1st period - Icing by Matt Cullen.
13:14 of 1st period - Alyn McCauley wins face-off versus Andy Miele in Carnivores zone.
13:24 of 1st period - Off-side.
13:25 of 1st period - Alyn McCauley wins face-off versus Mikael Backlund in neutral zone.
13:34 of 1st period - Alyn McCauley is hit by Jeff Tambellini and loses puck.
14:00 of 1st period - Wrist shot by Chris Conner.
14:00 of 1st period - Stopped by Josh Tordjman with a rebound.
14:02 of 1st period - Snap shot by Alyn McCauley.
14:02 of 1st period - Shot Misses the Net.
14:04 of 1st period - Wrist shot by Chris Conner.
14:04 of 1st period - Goal by Chris Conner - Carnivores : 1 - Punishers : 1.
14:05 of 1st period - Cal O'Reilly wins face-off versus Petteri Nokelainen in neutral zone.
14:11 of 1st period - Off-side.
14:12 of 1st period - Cal O'Reilly wins face-off versus Petteri Nokelainen in neutral zone.
14:15 of 1st period - Kirk Maltby is hit by Jeremy Welsh and loses puck.
14:21 of 1st period - Off-side.
14:22 of 1st period - Dave Bolland wins face-off versus Mikael Backlund in neutral zone.
14:37 of 1st period - Snap shot by Viktor Stalberg.
14:37 of 1st period - Shot Misses the Net.
14:47 of 1st period - Jeff Tambellini is hit by Jassen Cullimore and loses puck.
14:52 of 1st period - Wrist shot by Kirk Maltby.
14:52 of 1st period - Stopped by Josh Tordjman without a rebound.
14:53 of 1st period - Adam Pineault wins face-off versus Matt Cullen in Carnivores zone.
15:13 of 1st period - Kirk Maltby is hit by Andy Miele and loses puck.
16:11 of 1st period - Off-side.
16:12 of 1st period - Alyn McCauley wins face-off versus Mikael Backlund in neutral zone.
16:38 of 1st period - Pavel Valentenko is hit by Mikael Backlund and loses puck.
16:46 of 1st period - Off-side.
16:47 of 1st period - Dave Bolland wins face-off versus Matt Cullen in neutral zone.
16:59 of 1st period - Minor Penalty to Bobby Sanguinetti for Hooking.
17:00 of 1st period - Dave Bolland wins face-off versus Matt Cullen in Carnivores zone.
17:39 of 1st period - Slapshot by Alyn McCauley.
17:39 of 1st period - Stopped by Josh Tordjman with a rebound.
18:59 of 1st period - Penalty to Bobby Sanguinetti is over, Bobby Sanguinetti is back on ice.
19:06 of 1st period - Jimmie Olvestad is hit by Bobby Sanguinetti and loses puck.
19:13 of 1st period - Wrist shot by Jeff Friesen.
19:13 of 1st period - Shot Blocked by Jimmie Olvestad.
19:15 of 1st period - Snap shot by Alexei Zhitnik.
19:15 of 1st period - Stopped by Curtis McElhinney with a rebound.
19:17 of 1st period - Slapshot by Alexei Zhitnik.
19:17 of 1st period - Shot Misses the Net.
19:33 of 1st period - Snap shot by Jeff Friesen.
19:33 of 1st period - Stopped by Curtis McElhinney with a rebound.
19:35 of 1st period - Slapshot by Andy Miele.
19:35 of 1st period - Stopped by Curtis McElhinney with a rebound.
19:37 of 1st period - Slapshot by Janne Niinimaa.
19:37 of 1st period - Stopped by Curtis McElhinney with a rebound.
19:39 of 1st period - Snap shot by Andy Miele.
19:39 of 1st period - Shot Misses the Net.
19:41 of 1st period - Slapshot by Andy Miele.
19:41 of 1st period - Stopped by Curtis McElhinney with a rebound.
19:49 of 1st period - Slapshot by Marc-André Bergeron.
19:49 of 1st period - Stopped by Josh Tordjman with a rebound.
19:51 of 1st period - Wrist shot by Jimmie Olvestad.
19:51 of 1st period - Shot Misses the Net.
2nd period
0:01 of 2nd period - Dave Bolland wins face-off versus Mikael Backlund in neutral zone.
0:13 of 2nd period - Minor Penalty to Evgeny Dadonov for Tripping.
0:14 of 2nd period - Kirk Maltby wins face-off versus Manny Malhotra in Carnivores zone.
0:29 of 2nd period - Snap shot by Mike Grier.
0:29 of 2nd period - Shot Misses the Net.
1:44 of 2nd period - Marc-André Bergeron is hit by Brandon Yip and loses puck.
2:13 of 2nd period - Penalty to Evgeny Dadonov is over, Evgeny Dadonov is back on ice.
2:16 of 2nd period - Wrist shot by Kris Chucko.
2:16 of 2nd period - Shot Blocked by Josef Melichar.
2:30 of 2nd period - Slapshot by Evgeny Dadonov.
2:30 of 2nd period - Shot Misses the Net.
2:32 of 2nd period - Slapshot by Josef Melichar.
2:32 of 2nd period - Shot Misses the Net.
2:34 of 2nd period - Slapshot by Josef Melichar.
2:34 of 2nd period - Goal by Josef Melichar - Carnivores : 2 - Punishers : 1.
2:35 of 2nd period - Mikael Backlund wins face-off versus Alyn McCauley in neutral zone.
2:48 of 2nd period - Snap shot by Chris Conner.
2:48 of 2nd period - Stopped by Josh Tordjman with a rebound.
2:50 of 2nd period - Snap shot by Jimmie Olvestad.
2:50 of 2nd period - Stopped by Josh Tordjman without a rebound.
2:51 of 2nd period - Matt Cullen wins face-off versus Dave Bolland in Carnivores zone.
3:06 of 2nd period - Snap shot by Matt Cullen.
3:06 of 2nd period - Shot Misses the Net.
3:45 of 2nd period - Snap shot by Brandon Yip.
3:45 of 2nd period - Shot Misses the Net.
4:20 of 2nd period - Slapshot by Marc-André Bergeron.
4:20 of 2nd period - Stopped by Josh Tordjman without a rebound.
4:21 of 2nd period - Matt Cullen wins face-off versus Dave Bolland in Carnivores zone.
4:32 of 2nd period - Snap shot by Andy Miele.
4:32 of 2nd period - Shot Blocked by Mike Weber.
4:34 of 2nd period - Slapshot by Josef Melichar.
4:34 of 2nd period - Stopped by Curtis McElhinney without a rebound.
4:35 of 2nd period - Alyn McCauley wins face-off versus Mikael Backlund in Punishers zone.
4:48 of 2nd period - Snap shot by Chris Conner.
4:48 of 2nd period - Shot Misses the Net.
4:50 of 2nd period - Wrist shot by Jimmie Olvestad.
4:50 of 2nd period - Stopped by Josh Tordjman without a rebound.
4:51 of 2nd period - Dave Bolland wins face-off versus Matt Cullen in Carnivores zone.
5:16 of 2nd period - Alyn McCauley is hit by Manny Malhotra and loses puck.
5:18 of 2nd period - Minor Penalty to Alyn McCauley for Hooking.
5:19 of 2nd period - Petteri Nokelainen wins face-off versus Andy Miele in Punishers zone.
5:30 of 2nd period - Snap shot by Petteri Nokelainen.
5:30 of 2nd period - Stopped by Josh Tordjman with a rebound.
5:32 of 2nd period - Slapshot by Marc-André Bergeron.
5:32 of 2nd period - Stopped by Josh Tordjman with a rebound.
5:34 of 2nd period - Wrist shot by Marc-André Bergeron.
5:34 of 2nd period - Shot Misses the Net.
5:44 of 2nd period - Marc-André Bergeron is hit by Janne Niinimaa and loses puck.
7:18 of 2nd period - Penalty to Alyn McCauley is over, Alyn McCauley is back on ice.
7:21 of 2nd period - Alyn McCauley is hit by Bobby Sanguinetti.
7:33 of 2nd period - Slapshot by Marc-André Bergeron.
7:33 of 2nd period - Stopped by Josh Tordjman without a rebound.
7:34 of 2nd period - Cal O'Reilly wins face-off versus Petteri Nokelainen in Carnivores zone.
7:56 of 2nd period - Slapshot by Kris Chucko.
7:56 of 2nd period - Stopped by Josh Tordjman without a rebound.
7:57 of 2nd period - Manny Malhotra wins face-off versus Ryan White in Carnivores zone.
7:57 of 2nd period - Manny Malhotra is hit by Mike Blunden.
8:02 of 2nd period - Off-side.
8:03 of 2nd period - Dave Bolland wins face-off versus Mikael Backlund in neutral zone.
8:18 of 2nd period - Snap shot by Viktor Stalberg.
8:18 of 2nd period - Shot Misses the Net.
8:36 of 2nd period - Snap shot by Matt Cullen.
8:36 of 2nd period - Stopped by Curtis McElhinney without a rebound.
8:37 of 2nd period - Matt Cullen wins face-off versus Dave Bolland in Punishers zone.
8:51 of 2nd period - Dave Bolland is hit by Matt Cullen and loses puck.
9:04 of 2nd period - Mikael Backlund is hit by Jassen Cullimore and loses puck.
9:15 of 2nd period - Snap shot by Alyn McCauley.
9:15 of 2nd period - Stopped by Josh Tordjman with a rebound.
10:07 of 2nd period - Mark Fraser is hit by Keith Aulie and loses puck.
10:33 of 2nd period - Jimmie Olvestad is hit by Jeff Tambellini.
10:39 of 2nd period - Minor Penalty to Alyn McCauley for Roughing.
10:40 of 2nd period - Petteri Nokelainen wins face-off versus Matt Cullen in Punishers zone.
11:22 of 2nd period - Slapshot by Mikael Backlund.
11:22 of 2nd period - Shot Blocked by Kris Chucko.
12:33 of 2nd period - Bobby Sanguinetti is hit by Marc-André Bergeron and loses puck.
12:39 of 2nd period - Penalty to Alyn McCauley is over, Alyn McCauley is back on ice.
12:40 of 2nd period - Jimmie Olvestad is hit by Alexei Zhitnik and loses puck.
12:59 of 2nd period - Snap shot by Kirk Maltby.
12:59 of 2nd period - Shot Misses the Net.
13:29 of 2nd period - Janne Niinimaa is hit by Chris Conner and loses puck.
13:48 of 2nd period - Wrist shot by Viktor Stalberg.
13:48 of 2nd period - Stopped by Josh Tordjman without a rebound.
13:49 of 2nd period - Dave Bolland wins face-off versus Jeff Friesen in Carnivores zone.
13:56 of 2nd period - Snap shot by Mike Grier.
13:56 of 2nd period - Stopped by Josh Tordjman with a rebound.
13:59 of 2nd period - Icing by Bobby Sanguinetti.
14:00 of 2nd period - Brandon Yip wins face-off versus Petteri Nokelainen in Carnivores zone.
14:26 of 2nd period - Snap shot by Mike Grier.
14:26 of 2nd period - Shot Misses the Net.
14:28 of 2nd period - Slapshot by Mark Fraser.
14:28 of 2nd period - Stopped by Josh Tordjman with a rebound.
14:33 of 2nd period - Minor Penalty to Viktor Stalberg for Holding.
14:34 of 2nd period - Petteri Nokelainen wins face-off versus Matt Cullen in Punishers zone.
14:34 of 2nd period - Petteri Nokelainen is hit by Janne Niinimaa.
15:08 of 2nd period - Wrist shot by Jeff Tambellini.
15:08 of 2nd period - Shot Blocked by Marc-André Bergeron.
15:10 of 2nd period - Wrist shot by Jeff Tambellini.
15:10 of 2nd period - Stopped by Curtis McElhinney with a rebound.
16:16 of 2nd period - Alexei Zhitnik is hit by Mark Fraser and loses puck.
16:33 of 2nd period - Penalty to Viktor Stalberg is over, Viktor Stalberg is back on ice.
16:41 of 2nd period - Minor Penalty to Jeff Friesen for Hooking.
16:42 of 2nd period - Manny Malhotra wins face-off versus Alyn McCauley in Carnivores zone.
18:00 of 2nd period - Marc-André Bergeron is hit by Manny Malhotra and loses puck.
18:41 of 2nd period - Penalty to Jeff Friesen is over, Jeff Friesen is back on ice.
18:49 of 2nd period - Snap shot by David Van Der Gulik.
18:49 of 2nd period - Shot Misses the Net.
3rd period
0:01 of 3rd period - Matt Cullen wins face-off versus Dave Bolland in neutral zone.
0:05 of 3rd period - Keith Aulie is hit by Jassen Cullimore and loses puck.
0:26 of 3rd period - Wrist shot by Jeff Friesen.
0:26 of 3rd period - Deflect By Manny Malhotra.
0:26 of 3rd period - Stopped by Curtis McElhinney with a rebound.
0:48 of 3rd period - Slapshot by Viktor Stalberg.
0:48 of 3rd period - Goal by Viktor Stalberg - Carnivores : 2 - Punishers : 2.
0:49 of 3rd period - Alyn McCauley wins face-off versus Matt Cullen in neutral zone.
0:52 of 3rd period - Snap shot by Chris Conner.
0:52 of 3rd period - Stopped by Josh Tordjman without a rebound.
0:53 of 3rd period - Alyn McCauley wins face-off versus Blake Geoffrion in Carnivores zone.
0:58 of 3rd period - Slapshot by Chris Conner.
0:58 of 3rd period - Shot Misses the Net.
1:08 of 3rd period - Wrist shot by Matt Cullen.
1:08 of 3rd period - Stopped by Curtis McElhinney with a rebound.
2:08 of 3rd period - Wrist shot by Jeff Friesen.
2:08 of 3rd period - Stopped by Curtis McElhinney without a rebound.
2:09 of 3rd period - Dave Bolland wins face-off versus Matt Cullen in Punishers zone.
2:16 of 3rd period - Slapshot by Mike Grier.
2:16 of 3rd period - Stopped by Josh Tordjman without a rebound.
2:17 of 3rd period - Dave Bolland wins face-off versus Matt Cullen in Carnivores zone.
2:22 of 3rd period - Minor Penalty to Blake Geoffrion for Roughing.
2:23 of 3rd period - Manny Malhotra wins face-off versus Mike Grier in Carnivores zone.
2:28 of 3rd period - Janne Niinimaa is hit by Dave Bolland and loses puck.
2:33 of 3rd period - Slapshot by Dave Bolland.
2:33 of 3rd period - Shot Misses the Net.
2:35 of 3rd period - Snap shot by Kirk Maltby.
2:35 of 3rd period - Shot Misses the Net.
2:37 of 3rd period - Snap shot by Dave Bolland.
2:37 of 3rd period - Goal by Dave Bolland - Carnivores : 2 - Punishers : 3.
2:38 of 3rd period - Matt Cullen wins face-off versus Viktor Stalberg in neutral zone.
3:00 of 3rd period - Icing by Marc-André Bergeron.
3:01 of 3rd period - Mikael Backlund wins face-off versus Alyn McCauley in Punishers zone.
3:02 of 3rd period - Wrist shot by Evgeny Dadonov.
3:02 of 3rd period - Goal by Evgeny Dadonov - Carnivores : 3 - Punishers : 3.
3:03 of 3rd period - Dave Bolland wins face-off versus Blake Geoffrion in neutral zone.
3:30 of 3rd period - Off-side.
3:31 of 3rd period - Mikael Backlund wins face-off versus Alyn McCauley in neutral zone.
3:34 of 3rd period - Slapshot by Alexei Zhitnik.
3:34 of 3rd period - Deflect By Jeff Tambellini.
3:34 of 3rd period - Stopped by Curtis McElhinney without a rebound.
3:35 of 3rd period - Alyn McCauley wins face-off versus Mikael Backlund in Punishers zone.
4:08 of 3rd period - Slapshot by Viktor Stalberg.
4:08 of 3rd period - Stopped by Josh Tordjman with a rebound.
4:26 of 3rd period - Wrist shot by Jeff Friesen.
4:26 of 3rd period - Shot Misses the Net.
4:30 of 3rd period - Snap shot by Jeff Friesen.
4:30 of 3rd period - Shot Misses the Net.
4:32 of 3rd period - Slapshot by Alexei Zhitnik.
4:32 of 3rd period - Shot Blocked by Kirk Maltby.
4:42 of 3rd period - Keith Aulie is hit by Mike Blunden and loses puck.
5:33 of 3rd period - Marc-André Bergeron is hit by Andy Miele and loses puck.
5:48 of 3rd period - Wrist shot by Jeff Friesen.
5:48 of 3rd period - Shot Misses the Net.
6:28 of 3rd period - Jeff Tambellini is hit by Jimmie Olvestad and loses puck.
6:55 of 3rd period - Snap shot by Dave Bolland.
6:55 of 3rd period - Stopped by Josh Tordjman without a rebound.
6:56 of 3rd period - Dave Bolland wins face-off versus Manny Malhotra in Carnivores zone.
7:01 of 3rd period - Snap shot by Mike Grier.
7:01 of 3rd period - Deflect By Viktor Stalberg.
7:01 of 3rd period - Stopped by Josh Tordjman with a rebound.
7:10 of 3rd period - Icing by Keith Aulie.
7:11 of 3rd period - Alyn McCauley wins face-off versus Manny Malhotra in Carnivores zone.
7:12 of 3rd period - Snap shot by Jimmie Olvestad.
7:12 of 3rd period - Shot Blocked by Keith Aulie.
7:42 of 3rd period - Slapshot by Janne Niinimaa.
7:42 of 3rd period - Shot Misses the Net.
7:56 of 3rd period - Wrist shot by Kirk Maltby.
7:56 of 3rd period - Shot Misses the Net.
8:36 of 3rd period - Snap shot by David Van Der Gulik.
8:36 of 3rd period - Stopped by Curtis McElhinney with a rebound.
8:42 of 3rd period - Snap shot by Chris Conner.
8:42 of 3rd period - Shot Misses the Net.
8:48 of 3rd period - Slapshot by Alyn McCauley.
8:48 of 3rd period - Deflect By Chris Conner.
8:48 of 3rd period - Shot Hit the Post.
8:48 of 3rd period - Puck is out of play.
8:49 of 3rd period - Matt Cullen wins face-off versus Dave Bolland in Carnivores zone.
8:49 of 3rd period - Matt Cullen is hit by Viktor Stalberg.
9:39 of 3rd period - Wrist shot by Ryan White.
9:39 of 3rd period - Shot Blocked by Mikael Backlund.
9:51 of 3rd period - Jeff Tambellini is hit by Mark Fraser and loses puck.
9:59 of 3rd period - Off-side.
10:00 of 3rd period - Kirk Maltby wins face-off versus Matt Cullen in neutral zone.
10:25 of 3rd period - Mike Grier is hit by Keith Aulie and loses puck.
10:56 of 3rd period - Bobby Sanguinetti is hit by Stu Bickel and loses puck.
11:09 of 3rd period - Marc-André Bergeron is hit by Bobby Sanguinetti and loses puck.
11:25 of 3rd period - Minor Penalty to Jeff Tambellini for Hooking.
11:26 of 3rd period - Dave Bolland wins face-off versus Matt Cullen in Carnivores zone.
11:51 of 3rd period - Brandon Yip is hit by Mike Grier and loses puck.
12:12 of 3rd period - Wrist shot by Kirk Maltby.
12:12 of 3rd period - Goal by Kirk Maltby - Carnivores : 3 - Punishers : 4.
12:13 of 3rd period - Alyn McCauley wins face-off versus Matt Cullen in neutral zone.
12:21 of 3rd period - Slapshot by Janne Niinimaa.
12:21 of 3rd period - Deflect By Matt Cullen.
12:21 of 3rd period - Shot Blocked by Chris Conner.
12:21 of 3rd period - Puck is out of play.
12:22 of 3rd period - Matt Cullen wins face-off versus Alyn McCauley in Punishers zone.
12:44 of 3rd period - Snap shot by Jimmie Olvestad.
12:44 of 3rd period - Goal by Jimmie Olvestad - Carnivores : 3 - Punishers : 5.
12:45 of 3rd period - Dave Bolland wins face-off versus Matt Cullen in neutral zone.
13:01 of 3rd period - Minor Penalty to Keith Aulie for Roughing.
13:02 of 3rd period - Dave Bolland wins face-off versus Manny Malhotra in Carnivores zone.
13:15 of 3rd period - Stu Bickel is hit by Brandon Yip and loses puck.
13:22 of 3rd period - Andrew Ference is hit by Stu Bickel.
15:01 of 3rd period - Penalty to Keith Aulie is over, Keith Aulie is back on ice.
15:45 of 3rd period - Snap shot by Jeff Tambellini.
15:45 of 3rd period - Shot Blocked by Justin Falk.
17:00 of 3rd period - Snap shot by Brandon Yip.
17:00 of 3rd period - Stopped by Curtis McElhinney with a rebound.
17:02 of 3rd period - Wrist shot by Manny Malhotra.
17:02 of 3rd period - Shot Blocked by Marc-André Bergeron.
17:04 of 3rd period - Slapshot by Alexei Zhitnik.
17:04 of 3rd period - Stopped by Curtis McElhinney with a rebound.
17:06 of 3rd period - Wrist shot by Brandon Yip.
17:06 of 3rd period - Shot Misses the Net.
17:37 of 3rd period - Snap shot by Matt Cullen.
17:37 of 3rd period - Stopped by Curtis McElhinney without a rebound.
17:38 of 3rd period - Kris Chucko wins face-off versus Cal O'Reilly in Punishers zone.
17:38 of 3rd period - Kris Chucko is hit by David Van Der Gulik.
17:56 of 3rd period - Dave Bolland is hit by Brandon Yip and loses puck.
18:11 of 3rd period - Slapshot by Andrew Ference.
18:11 of 3rd period - Deflect By Alyn McCauley.
18:11 of 3rd period - Stopped by Curtis McElhinney with a rebound.
18:13 of 3rd period - Snap shot by Evgeny Dadonov.
18:13 of 3rd period - Shot Misses the Net.
18:15 of 3rd period - Wrist shot by Jeff Tambellini.
18:15 of 3rd period - Stopped by Curtis McElhinney with a rebound.
18:17 of 3rd period - Slapshot by Andrew Ference.
18:17 of 3rd period - Deflect By Mikael Backlund.
18:17 of 3rd period - Goal by Mikael Backlund - Carnivores : 4 - Punishers : 5.
18:18 of 3rd period - Jeff Friesen wins face-off versus Petteri Nokelainen in neutral zone.
19:07 of 3rd period - Snap shot by Kirk Maltby.
19:07 of 3rd period - Stopped by Josh Tordjman with a rebound.
19:11 of 3rd period - Wrist shot by Kirk Maltby.
19:11 of 3rd period - Stopped by Josh Tordjman with a rebound.
19:13 of 3rd period - Slapshot by Marc-André Bergeron.
19:13 of 3rd period - Stopped by Josh Tordjman without a rebound.
19:14 of 3rd period - Wayne Gretzky call a timeout for Carnivores.
19:14 of 3rd period - Petteri Nokelainen wins face-off versus Matt Cullen in Carnivores zone.
19:15 of 3rd period - Snap shot by Kirk Maltby.
19:15 of 3rd period - Stopped by Josh Tordjman with a rebound.
19:26 of 3rd period - Minor Penalty to Jeff Tambellini for Holding.
19:27 of 3rd period - Dave Bolland wins face-off versus Manny Malhotra in Carnivores zone.
19:42 of 3rd period - Slapshot by Dave Bolland.
19:42 of 3rd period - Shot Misses the Net.
19:56 of 3rd period - Snap shot by Matt Cullen.
19:56 of 3rd period - Shot Misses the Net.
Output by the SimonT Hockey Simulator (STHS) for François Prévost -- Original Page W3C XHTML 1.0 Valid